 Dungeon Crawl Stone Soup version 0.25.1-2-g60ff931df9 (webtiles) character file.

Game seed: 17417620478120907214

424 Almogavar the Chopper (level 6, -6/58 HPs)
             Began as a Hill Orc Fighter on Sept 2, 2020.
             Mangled by an ogre
             ... wielding a +0 giant club
              (16 damage)
             ... on level 4 of the Dungeon.
             The game lasted 00:12:08 (2725 turns).

Almogavar the Chopper (Hill Orc Fighter)            Turns: 2725, Time: 00:12:09

Health: -6/58      AC: 11    Str: 21    XL:     6   Next: 96%
Magic:  6/6        EV:  9    Int:  8    God:
Gold:   168        SH: 11    Dex: 10    Spells: 5/5 levels left

rFire    . . .     SeeInvis .   a - +0 war axe
rCold    + . .     Gourm    .   c - +1 kite shield
rNeg     . . .     Faith    .   s - +0 scale mail
rPois    .         Spirit   .   x - +0 helmet
rElec    .         Reflect  .   g - +0 cloak
rCorr    .         Harm     .   (no gloves)
MR       .....                  e - +0 pair of boots
Stlth    +.........             (no amulet)
HPRegen  0.19/turn              v - ring of protection from cold
MPRegen  0.10/turn              (no ring)

@: no status effects
A: no striking features
a: no special abilities


You were on level 4 of the Dungeon.
You were not hungry.

You visited 1 branch of the dungeon, and saw 4 of its levels.

You collected 168 gold pieces.

Inventory:

Hand Weapons
 a - a +0 war axe (weapon)
Armour
 c - a +1 kite shield (worn)
 e - a +0 pair of boots (worn)
 g - a +0 cloak (worn)
 s - a +0 scale mail (worn)
 x - a +0 helmet (worn)
Jewellery
 v - a ring of protection from cold (left hand)
Wands
 w - a wand of random effects (15)
Scrolls
 k - 2 scrolls of enchant armour
 q - a scroll of enchant weapon
 u - a scroll of magic mapping
 y - a scroll of teleportation {unknown}
Potions
 d - a potion of might
 h - a potion of lignification
 i - 2 potions of flight {unknown}
 l - 2 potions of invisibility
 m - a potion of heal wounds
 n - a potion of ambrosia
 o - 4 potions of degeneration {unknown}
 p - a potion of curing {unknown}
 r - a potion of haste {unknown}
 t - a potion of cancellation
Comestibles
 b - 6 chunks of flesh
 f - 8 rations


   Skills:
 + Level 6.6 Fighting
 + Level 7.3 Axes
 + Level 6.1 Armour
 + Level 3.3 Dodging
 + Level 3.7 Stealth
 + Level 6.6 Shields


You had 5 spell levels left.
You didn't know any spells.
Your spell library was empty.

Dungeon Overview and Level Annotations

Branches:
Dungeon (4/15)
 Temple: D:4-7

Altars:
Fedhas
Zin


Message History

The ogre is heavily wounded.
The ogre closely misses you. The orc hits you but does no damage.
You hit the ogre.
The ogre is severely wounded.
The ogre hits you with a +0 giant club!!
* * * LOW HITPOINT WARNING * * *
The orc hits you but does no damage.
You are too injured to fight recklessly!
You are too injured to fight recklessly!
You are too injured to fight recklessly!
You are too injured to fight recklessly!
You are too injured to fight recklessly!
You slash the ogre!
The ogre is almost dead.
You block the orc's attack. The ogre hits you with a +0 giant club!
* * * LOW HITPOINT WARNING * * *
Your shield prevents you from hitting the ogre.
The ogre is almost dead.
You block the orc's attack. The ogre hits you with a +0 giant club!
You die...

##...# #
#####....# #
##.#.##..## #
##........##
###..........####
##.....###......##
###...##....###..#
.#.))..##...#
##.##
#[.<...##...# #@.#
#..#....#...# ##O#
...........## {o.
..#........# .....
.##...<...##
..#### .
#........# ..# .
.......... #.# .
..)......# ..
..........#


You could see an ogre and an orc.

Vanquished Creatures
  A sky beast (D:4)
  An orc priest (D:4)
  Natasha (thrice) (D:2)
  An orc wizard (D:4)
  A worker ant (D:2)
  Robin (D:3)
  An adder (D:2)
  3 oozes
  2 worms
  2 dart slugs
  3 leopard geckos
  12 orcs
  A ball python (D:3)
  13 bats
  3 giant cockroaches
  13 goblins
  4 hobgoblins
  4 jackals
  7 kobolds
  A quokka (D:2)
  6 frilled lizards
  6 rats
89 creatures vanquished.

Notes
Turn   | Place    | Note
-------+----------+-------------------------------------------
     0 | D:1      | Almogavar the Hill Orc Fighter began the quest for the Orb.
     0 | D:1      | Reached XP level 1. HP: 19/19 MP: 1/1
    92 | D:1      | Reached XP level 2. HP: 27/27 MP: 2/2
   365 | D:1      | Reached skill level 3 in Axes
   414 | D:1      | Reached XP level 3. HP: 32/33 MP: 3/3
   963 | D:1      | Reached skill level 6 in Axes
   963 | D:1      | Reached XP level 4. HP: 45/45 MP: 4/4
  1168 | D:2      | Noticed Natasha
  1181 | D:2      | Killed Natasha
  1181 | D:2      | Reached XP level 5. HP: 45/51 MP: 5/5
  1188 | D:2      | Noticed Natasha
  1196 | D:2      | Killed Natasha
  1276 | D:2      | Noticed Natasha
  1283 | D:2      | Killed Natasha
  1593 | D:3      | Found a blossoming altar of Fedhas.
  1830 | D:3      | Reached XP level 6. HP: 58/58 MP: 6/6
  1846 | D:3      | Noticed Robin
  1881 | D:3      | Killed Robin
  1959 | D:3      | Found a glowing silver altar of Zin.
  2427 | D:4      | Reached skill level 7 in Axes
  2508 | D:4      | Noticed a sky beast
  2520 | D:4      | Killed a sky beast
  2725 | D:4      | Mangled by an ogre

Illustrated notes

Levels and vault maps discovered:
D:1:      lemuel_arrival_rhombus, layout_loops_corners, minmay_tripent
D:2:      layout_rooms, first_ration, uniq_natasha
D:3:      layout_basic, fedhas_altar_2, zin_scriptorium, serial_corexii_hall,
          chequers_hall_statues_corner_a, chequers_hall_statues_corner_a,
          uniq_robin
D:4:      layout_cave_pools, nicolae_overflow_crystal_walls, serial_shops,
          shop_statue, grunt_ministairs_8

Skill      XL: |  1  2  3  4  5  6 |
---------------+-------------------+-----
Axes           | 3 6 7 |  7.3
Fighting       | 6 |  6.6
Armour         | 6 |  6.1
Dodging        | 3 |  3.3
Stealth        | 3 |  3.7
Shields        | 6 |  6.6

Action                   |  1- 3 |  4- 6 || total
-------------------------+-------+-------++-------
Melee: War axe           |    99 |   179 ||   278
  Use: Scroll            |     4 |     7 ||    11
       Potion            |     1 |       ||     1
  Eat: Chunk             |       |     6 ||     6
Armor: Scale mail        |    57 |    56 ||   113
Dodge: Dodged            |    37 |    35 ||    72
Block: Kite shield       |    60 |    83 ||   143
